 Dungeon Crawl Stone Soup version 0.28-a0-1347-g113dc556a4 (webtiles) character file.

Game seed: 8873262251288882101

11928 2tousent the Slicer (level 11, -4/82 HPs)
             Began as a Vampire Enchanter on Dec 29, 2021.
             Was a Follower of Uskayaw.
             Slain by a minotaur (28 damage)
             ... in a Gauntlet.
             The game lasted 00:28:49 (10675 turns).

2tousent the Slicer (Vampire Enchanter)            Turns: 10675, Time: 00:28:50

Health: -4/82      AC:  6    Str: 13    XL:     11   Next: 55%
Magic:  17/20      EV: 17    Int: 23    God:    Uskayaw [*.....]
Gold:   812        SH:  0    Dex: 20    Spells: 14/22 levels left

rFire   . . .      SeeInvis +   x - +1 dagger (venom)
rCold   . . .      Faith    .   (no shield)
rNeg    . . .      Spirit   .   z - +0 steam dragon scales
rPois   .          Reflect  .   (no helmet)
rElec   .          Harm     .   g - scarf {repulsion}
rCorr   .          Rampage  .   (no gloves)
Will    +....      NoTele   +   L - +0 pair of boots
Stlth   +++++.....              (no amulet)
HPRegen 0.43/turn               c - +6 ring of intelligence
MPRegen 0.17/turn               C - +6 ring of strength

@: confusing by touch, healing quickly, repel missiles, unable to read
A: alive, fangs 3, see invisible, vampiric 2, inability to read while
threatened, MP-powered wands
a: Exsanguinate, Renounce Religion, Stomp


You were in a Gauntlet.
You worshipped Uskayaw.
Uskayaw was noncommittal.
You visited 1 branch of the dungeon, and saw 11 of its levels.
You also visited: Gauntlet.

You collected 1357 gold pieces.
You spent 545 gold pieces at shops.

Inventory:

Hand Weapons
 a - a +1 dagger
 x - a +1 dagger of venom (weapon)
Missiles
 w - a throwing net
Armour
 b - a +1 robe
 g - a scarf of repulsion (worn)
 s - a +1 robe of resistance
 z - +0 steam dragon scales (worn)
 B - +0 acid dragon scales
 L - a +0 pair of boots (worn)
Jewellery
 c - a +6 ring of intelligence (left hand)
 i - a ring of fire
 k - a ring of protection from cold
 y - a ring of resist corrosion
 C - a +6 ring of strength (right hand)
 H - a ring of protection from cold
Wands
 j - a wand of digging (6)
 p - a wand of mindburst (15)
 D - a wand of paralysis (2)
 J - a wand of polymorph (4)
Scrolls
 d - 2 scrolls of vulnerability
 e - 3 scrolls of amnesia
 n - a scroll of enchant armour
 r - 4 scrolls of teleportation
 v - a scroll of blinking
Potions
 h - 3 potions of flight
 l - 2 potions of magic
 m - 3 potions of attraction
 o - 2 potions of resistance
 q - a potion of cancellation
 t - 3 potions of brilliance {unknown}
 u - 2 potions of curing {unknown}
 A - 2 potions of mutation
 E - a potion of haste {unknown}
 G - 2 potions of lignification {unknown}


   Skills:
 + Level 6.3 Fighting
 - Level 10.0 Short Blades
 + Level 7.1 Dodging
 - Level 10.0 Stealth
 + Level 6.4 Spellcasting
 - Level 10.0 Hexes
 - Level 3.0 Ice Magic
 + Level 6.4 Invocations


You had 14 spell levels left.
You knew the following spells:

 Your Spells              Type           Power      Damage    Failure   Level
a - Ensorcelled Hibernat  Hex/Ice        74%        N/A       1%          2
b - Confusing Touch       Hex            52%        N/A       1%          3
c - Tukima's Dance        Hex            52%        N/A       1%          3

Your spell library contained the following spells:

 Spells                   Type           Power      Damage    Failure   Level
 Dazzling Flash           Conj/Hex       60%        N/A       3%          3
 Portal Projectile        Hex/Tloc       60%        N/A       3%          3
 Pain                     Necr           28%        1d5       9%          1
 Sandblast                Erth           14%        2d6       9%          1
 Leda's Liquefaction      Hex/Erth       15%        N/A       11%         4
 Blink                    Tloc           14%        N/A       12%         2
 Corpse Rot               Necr/Air       14%        N/A       12%         2
 Passwall                 Tmut/Erth      5%         N/A       12%         2
 Poisonous Vapours        Pois/Air       14%        N/A       12%         2
 Sublimation of Blood     Necr           7%         N/A       12%         2
 Call Canine Familiar     Summ           7%         N/A       24%         3
 Lesser Beckoning         Tloc           7%         N/A       24%         3
 Spider Form              Tmut/Pois      7%         N/A       24%         3
 Stone Arrow              Conj/Erth      14%        3d7       24%         3
 Yara's Violent Unravell  Hex/Tmut       15%        3d8       28%         5
 Passage of Golubria      Tloc           7%         N/A       63%         4
 Petrify                  Tmut/Erth      7%         N/A       63%         4
 Agony                    Necr           7%         N/A       92%         5
 Excruciating Wounds      Necr           3%         N/A       92%         5
 Irradiate                Conj/Tmut      3%         3d14      92%         5
 Manifold Assault         Tloc           7%         N/A       92%         5


Dungeon Overview and Level Annotations

Branches:
Dungeon (11/15)            Temple (0/1) D:7            Lair (0/6) D:10
    Orc (0/2) D:11        Gauntlet (1/1)

Altars:
Ashenzari
Kikubaaqudgha
Makhleb
Okawaru
Ru
Uskayaw
Wu Jian
Xom
Zin

Shops:
D:6 [*

Portals:
Abyss: D:5

Annotations:
D:5 2 transporters, bmj180's ghost, novice DrCj
D:7 1 runed translucent door, bmj180's ghost, novice DrCj Gauntlet 12 transporters, 16 runed translucent doors, exclusion: orange crystal statue


Innate Abilities, Weirdness & Mutations

Your natural rate of healing is accelerated.
You have razor-sharp teeth.
You have supernaturally acute eyesight. (SInv)
You are afflicted with vampirism and can become a bat while bloodless.
You sometimes lose the ability to read scrolls when taking damage.
You expend magic power (3 MP) to strengthen your wands.


Message History

You hear Xom's avuncular chuckle.
Your body is suffused with distortional energy.
You lose the ability to read scrolls when threatened.
You feel your magical essence link to the dungeon's wands.
You start resting.
HP restored.
You start waiting. "This place needs a little more atmosphere."
You enter the transporter and appear at another place.
A minotaur comes into view.
It is wielding a +1 flail of protection and quivering silver javelins.
The minotaur moves out of view.
A minotaur is nearby!
A minotaur is nearby!
Casting: Confusing Touch (safe; 1% risk of failure)
Confirm with . or Enter, or press ? or * to list all spells.
Aiming: Ensorcelled Hibernation (safe; 1% risk of failure)
Press: ? - help, Shift-Dir - straight line, f - minotaur
Aim: a minotaur, wielding a +1 flail of protection, wearing a +0 chain mail and quivering silver javelins (wandering, hasn't noticed you, chance to affect: 6%)
Okay, then.
Aiming: Paralyse
Press: ? - help, Shift-Dir - straight line, f - minotaur
Aim: a minotaur, wielding a +1 flail of protection, wearing a +0 chain mail and quivering silver javelins (wandering, hasn't noticed you, chance to affect: 2%)
Okay, then.
The minotaur bellows!
The minotaur closely misses you. The minotaur completely misses you.
Casting: Ensorcelled Hibernation (safe; 1% risk of failure)
Confirm with . or Enter, or press ? or * to list all spells.
Your hands begin to glow red.
The minotaur hits you but does no damage.
The minotaur gores you!
You hit the minotaur but do no damage.
You bite the minotaur, but do no damage.
The minotaur hits you with a +1 flail of protection!!!
You feel threatened and lose the ability to read scrolls!
The minotaur gores you!
* * * LOW HITPOINT WARNING * * *
You hit the minotaur but do no damage. You hit the minotaur but do no damage.
The minotaur hits you with a +1 flail of protection!!
You die...

#
#8##§...............§##8#
#8# # #
####8§.©.©.©.©.©.©..8####
### # #≈...............≈#
###.##.##.##.##.###
#.##.##.##.##.##
.........# ##.##.##.#
.##.##.##.##.#
......H@§....#
#.###'#.##.### # #.##.###
#......# ##.##.## ##.##.#
#.....# #.##.### ## ###


You could see a minotaur.

Vanquished Creatures
  A dire elephant (shapeshifter) (Gauntlet)
  A boulder beetle (D:11)
  A two-headed ogre (D:10)
  Sonja (D:11)
  A thrashing horror (Gauntlet)
  Nergalle (D:11)
  A necromancer (Gauntlet)
  2 cyclopes
  A manticore (D:11)
  An unseen horror (D:11)
  A troll (D:11)
  Grinder (D:3)
  3 wyverns
  4 yaks (D:9)
  2 steam dragons (D:8)
  An acid dragon (D:8)
  Duvessa (D:7)
  3 water moccasins
  3 black bears
  A hornet zombie (D:8)
  6 orc warriors
  2 sky beasts
  A necrophage (D:7)
  4 centaurs
  4 wolves (Gauntlet)
  A phantom (D:5)
  A kobold brigand (D:8)
  3 bullfrogs
  3 scorpions (D:6)
  2 gnoll sergeants
  A water moccasin zombie (D:7)
  A water moccasin skeleton (D:6)
  Dowan (D:7)
  An electric eel (D:6)
  A wight (D:8)
  2 howler monkeys
  A crimson imp (D:7)
  A bullfrog zombie (D:6)
  4 centaur zombies
  A hound (D:6)
  A jelly (D:7)
  3 small abominations (Gauntlet)
  5 orc priests
  2 centaur skeletons
  An iguana (D:5)
  A scorpion zombie (D:5)
  Ijyb (D:5)
  10 orc wizards
  A killer bee zombie (D:9)
  A mummy (D:8)
  2 howler monkey zombies
  2 howler monkey skeletons
  8 adders
  7 gnolls
  2 white imps
  An adder skeleton (D:3)
  3 adder zombies (D:3)
  2 worms
  4 dart slugs
  31 orcs
  A ball python (D:3)
  7 bats
  3 endoplasms
  3 giant cockroaches
  5 goblins
  5 hobgoblins
  3 jackals (D:4)
  5 quokkas
  A ball python zombie (D:3)
  3 frilled lizards
  A hobgoblin zombie (D:8)
  4 kobolds
  An orc zombie (D:8)
  A quokka skeleton (D:3)
  2 quokka zombies (D:3)
  3 rats
208 creatures vanquished.

Vanquished Creatures (others)
  5 fungi (Gauntlet)
  18 plants
23 creatures vanquished.

Grand Total: 231 creatures vanquished

Notes
Turn   | Place    | Note
-------+----------+-------------------------------------------
     0 | D:1      | 2tousent the Vampire Enchanter began the quest for the Orb.
     0 | D:1      | Reached XP level 1. HP: 13/13 MP: 3/3
   256 | D:1      | Found a faded altar of an unknown god.
   270 | D:1      | Prayed at the altar of an unknown god.
   270 | D:1      | Became a worshipper of Xom of Chaos
   271 | D:1      | Fell from the grace of Xom
   277 | D:1      | Reached XP level 2. HP: 19/19 MP: 5/5
   280 | D:1      | Learned a level 2 spell: Ensorcelled Hibernation
   432 | D:1      | You fall into a shaft and drop 1 floor!
   490 | D:2      | Reached skill level 5 in Stealth
   891 | D:2      | Reached skill level 5 in Hexes
   891 | D:2      | Reached skill level 1 in Ice Magic
   891 | D:2      | Gained mutation: You are afflicted with vampirism and can
                  | become a bat while bloodless. [Vampire growth]
   891 | D:2      | Reached XP level 3. HP: 24/24 MP: 6/6
   895 | D:2      | Learned a level 3 spell: Confusing Touch
  1513 | D:2      | Identified a scroll of acquirement
  1513 | D:2      | Acquired 951 gold pieces
  1598 | D:3      | Reached XP level 4. HP: 17/30 MP: 1/7
  1713 | D:3      | Found a sacrificial altar of Ru.
  1725 | D:3      | Noticed Grinder
  1741 | D:3      | Killed Grinder
  1742 | D:3      | Reached XP level 5. HP: 24/35 MP: 5/8
  1742 | D:3      | Reached XP level 6. HP: 29/41 MP: 5/9
  2018 | D:3      | Noticed a +0 hand axe
  2018 | D:3      | Noticed a +0 dagger
  2019 | D:3      | Found a hide-covered altar of Uskayaw.
  2039 | D:3      | Became a worshipper of Uskayaw the Reveller
  2043 | D:3      | Reached * piety under Uskayaw
  2196 | D:3      | XOM: summons 6 hostile demons
  2197 | D:3      | Noticed a red devil
  2613 | D:4      | Reached skill level 1 in Fighting
  2636 | D:4      | XOM: 2-stop teleportation journey
  2645 | D:4      | Reached ** piety under Uskayaw
  2650 | D:4      | Learned a level 3 spell: Tukima's Dance
  2738 | D:4      | Found an ancient bone altar of Kikubaaqudgha.
  2752 | D:4      | Noticed a sky beast
  2761 | D:4      | Killed a sky beast
  2762 | D:4      | Reached XP level 7. HP: 48/49 MP: 7/10
  3306 | D:4      | XOM: noise
  3313 | D:5      | Entered Level 5 of the Dungeon
  3764 | D:5      | Noticed Ijyb
  3779 | D:5      | Killed Ijyb
  3839 | D:5      | Reached skill level 5 in Short Blades
  4275 | D:5      | Found a one-way gate to the infinite horrors of the Abyss.
  4275 | D:5      | Noticed bmj180's ghost (novice DrCj)
  4283 | D:5      | Noticed a small abomination
  4298 | D:5      | Found a transporter.
  4301 | D:5      | Found a transporter.
  4365 | D:6      | Found Nuod's Assorted Antiques.
  4367 | D:6      | Reached XP level 8. HP: 30/40 MP: 3/12
  4442 | D:6      | Found Wiafotwi's Armour Boutique.
  4447 | D:6      | Bought a smoky cyan potion for 24 gold pieces
  4447 | D:6      | Bought 2 scrolls of teleportation for 162 gold pieces
  4453 | D:6      | Bought a +1 robe of resistance for 359 gold pieces
  4515 | D:6      | Found an iron altar of Okawaru.
  4517 | D:6      | Found a broken altar of Ashenzari.
  4554 | D:6      | Reached *** piety under Uskayaw
  4559 | D:6      | Reached **** piety under Uskayaw
  4636 | D:6      | Found an ornate altar of the Wu Jian Council.
  4907 | D:6      | XOM: summons 14 hostile demons
  5169 | D:7      | Noticed Duvessa
  5208 | D:7      | Noticed Dowan
  5413 | D:7      | Noticed a cyclops
  5415 | D:7      | Noticed bmj180's ghost (novice DrCj)
  5426 | D:7      | Killed a cyclops
  5427 | D:7      | Reached XP level 9. HP: 30/56 MP: 2/13
  5470 | D:7      | XOM: repel stairs
  5642 | D:7      | Killed Duvessa
  5646 | D:7      | Killed Dowan
  5731 | D:7      | Found a burning altar of Makhleb.
  5733 | D:7      | Found a staircase to the Ecumenical Temple.
  5806 | D:7      | Reached skill level 1 in Invocations
  6149 | D:7      | Reached skill level 10 in Short Blades
  6165 | D:7      | Found a shimmering altar of Xom.
  6327 | D:7      | Found a runed translucent door.
  6764 | D:8      | XOM: 1-stop teleportation journey
  6987 | D:8      | Reached XP level 10. HP: 29/56 MP: 15/15
  7170 | D:8      | Reached ***** piety under Uskayaw
  7920 | D:9      | XOM: 2-stop teleportation journey
  7928 | D:9      | Reached skill level 10 in Stealth
  8057 | D:9      | Reached skill level 10 in Hexes
  8410 | D:9      | Identified the +4 mace of Muogheof {flame, rElec Str+4}
  8770 | D:10     | Entered Level 10 of the Dungeon
  8802 | D:10     | Noticed a two-headed ogre
  8804 | D:10     | Noticed a death yak
  8805 | D:10     | Killed a two-headed ogre
  8806 | D:10     | Reached skill level 5 in Dodging
  8806 | D:10     | Reached skill level 5 in Spellcasting
  8806 | D:10     | Reached skill level 5 in Invocations
  8806 | D:10     | Noticed a death yak
  8812 | D:10     | Found a staircase to the Lair.
  8812 | D:10     | Noticed a death yak
  8813 | D:10     | Noticed a death yak
  8819 | D:10     | Noticed a death yak
  8901 | D:11     | Reached skill level 5 in Fighting
  8914 | D:11     | Noticed a boulder beetle
  8922 | D:11     | Killed a boulder beetle
  8946 | D:11     | Identified the +8 chain mail "Ditahos" {Rampage rElec rC-
                  | rCorr}
  8997 | D:11     | Found a staircase to the Orcish Mines.
  8997 | D:11     | Noticed a manticore
  9001 | D:11     | Killed a manticore
  9002 | D:11     | Reached XP level 11. HP: 45/72 MP: 17/19
  9163 | D:11     | Noticed Sonja
  9167 | D:11     | Noticed Nergalle
  9170 | D:11     | Killed Sonja
  9184 | D:11     | Killed Nergalle
  9281 | D:11     | Found a gate leading to a gauntlet.
  9287 | Gauntlet | Entered a Gauntlet
  9287 | Gauntlet | Found a transporter.
  9297 | Gauntlet | Found a transporter.
  9312 | Gauntlet | Found a transporter.
  9314 | Gauntlet | Found a large runed translucent door.
  9314 | Gauntlet | Noticed a blizzard demon
  9315 | Gauntlet | Found a large runed translucent door.
  9316 | Gauntlet | Found a large runed translucent door.
  9316 | Gauntlet | Found a large runed translucent door.
  9316 | Gauntlet | Found a runed translucent door.
  9317 | Gauntlet | Found a transporter.
  9318 | Gauntlet | Found a runed translucent door.
  9319 | Gauntlet | Found a large runed translucent door.
  9319 | Gauntlet | Found a large runed translucent door.
  9320 | Gauntlet | Found a large runed translucent door.
  9321 | Gauntlet | Found a large runed translucent door.
  9327 | Gauntlet | Found a large runed translucent door.
  9327 | Gauntlet | Found a large runed translucent door.
  9328 | Gauntlet | Found a large runed translucent door.
  9328 | Gauntlet | Found a large runed translucent door.
  9329 | Gauntlet | Found a large runed translucent door.
  9329 | Gauntlet | Found a large runed translucent door.
  9330 | Gauntlet | Found a runed translucent gate.
  9330 | Gauntlet | Found a runed translucent gate.
  9330 | Gauntlet | Found a runed translucent gate.
  9332 | Gauntlet | Found a transporter.
  9341 | Gauntlet | Noticed a thrashing horror
  9342 | Gauntlet | Found a large runed translucent door.
  9343 | Gauntlet | Found a large runed translucent door.
  9351 | Gauntlet | Found a transporter.
  9362 | Gauntlet | Noticed a catoblepas
  9363 | Gauntlet | Found a transporter.
  9375 | Gauntlet | Found a transporter.
  9387 | Gauntlet | Found a transporter.
  9387 | Gauntlet | Noticed an orange crystal statue
  9399 | Gauntlet | Found a transporter.
  9405 | Gauntlet | Noticed a cacodemon
  9416 | Gauntlet | Found a transporter.
  9416 | Gauntlet | Found a transporter.
  9436 | Gauntlet | Found a transporter.
  9456 | Gauntlet | Found a transporter.
  9478 | Gauntlet | Found a transporter.
  9555 | Gauntlet | Found a transporter.
  9582 | Gauntlet | Found a transporter.
  9584 | Gauntlet | Noticed a bunyip
  9595 | Gauntlet | Noticed an eight-headed hydra
  9595 | Gauntlet | a bunyip changed into an eight-headed hydra
  9600 | Gauntlet | Found a transporter.
  9603 | Gauntlet | Noticed a necromancer
  9647 | Gauntlet | Noticed a broodmother
  9647 | Gauntlet | an eight-headed hydra changed into a broodmother
  9941 | Gauntlet | Noticed an eleionoma
  9945 | Gauntlet | Noticed an alligator snapping turtle
  9945 | Gauntlet | an eleionoma changed into an alligator snapping turtle
  9947 | Gauntlet | Noticed a dire elephant
  9947 | Gauntlet | an alligator snapping turtle changed into a dire elephant
 10004 | Gauntlet | Killed a dire elephant
 10214 | Gauntlet | Killed a necromancer
 10459 | Gauntlet | Killed a thrashing horror
 10524 | Gauntlet | XOM: give mutations
 10524 | Gauntlet | Gained mutation: You sometimes lose the ability to read
                  | scrolls when taking damage. [Xom's mischief]
 10524 | Gauntlet | Gained mutation: You expend magic power (3 MP) to
                  | strengthen your wands. [Xom's mischief]
 10641 | Gauntlet | XOM: cloud trail
 10645 | Gauntlet | Noticed a minotaur
 10675 | Gauntlet | Slain by a minotaur

Illustrated notes

Levels and vault maps discovered:
D:1:      mrwooster_arrival_statue_2, layout_loops_ring,
          chequers_ecumenical_altar_simple_redux, feat_on_display
D:2:      layout_loops_ring, kennysheep_generic_room_16
D:3:      layout_loops_ring, nicolae_ru_sacrificial_ziggurat,
          dancing_weapons_uskayaw, serial_undead, serial_undead_f,
          serial_undead_a, serial_undead_e, serial_undead_a, serial_undead_c,
          serial_undead_a, serial_undead_e, uniq_grinder
D:4:      layout_basic, mainiacjoe_overflow_chevrons, kennysheep_flooded_box,
          minmay_large_rounded_square, fountainhead, minivault_14,
          chequers_serial_rivers_micro_c
D:5:      layout_basic, gammafunk_ghost_abyssal_escape, uniq_ijyb
D:6:      layout_rooms, kennysheep_little_box, grunt_temple_overflow_open,
          nicolae_wooded_promenade, kennysheep_generic_room_15
D:7:      layout_cave_pools, grunt_temple_overflow_champion_of_chaos,
          minmay_temple_entry_junction, hellmonk_ghost_happy_afterlife,
          roderic_roman_lattice, uniq_duvessa
D:8:      kennysheep_ambush_hall, layout_basic, nicolae_ossuary_entry_giza
D:9:      layout_rooms, zin_academy
D:10:     layout_cave_pools, dpeg_lair_monsters, special_room
          [special_room_orc], grunt_ministairs_11, uniq_maurice
D:11:     lemuel_ogre_cave, layout_basic, orc_0_dummy, gauntlet_entry_generic,
          uniq_nergalle, uniq_sonja
Gauntlet: gammafunk_gauntlet_one_two_three [nicolae_gauntlet_arena_grate_2,
          nicolae_gauntlet_swirl, gammafunk_gauntlet_arena_crates,
          gammafunk_gauntlet_arena_open, gammafunk_gauntlet_arena_split_diamond,
          nicolae_gauntlet_arena_flowing_pool, nicolae_gauntlet_arena_blocks,
          gammafunk_gauntlet_arena_hedges,
          minmay_gauntlet_arena_make_your_own_arena, gauntlet_exit_green]

Skill      XL: |  1  2  3  4  5  6  7  8  9 10 11 |
---------------+----------------------------------+-----
Stealth        | 5 6 8 10 | 10.0
Hexes          | 5 6 8 10 | 10.0
Ice Magic      | 1 2 3 |  3.0
Short Blades   | 3 4 6 8 10 | 10.0
Fighting       | 1 3 4 5 6 |  6.3
Dodging        | 3 4 5 7 |  7.1
Spellcasting   | 3 5 6 |  6.4
Invocations    | 4 5 6 |  6.4

Action                   |  1- 3 |  4- 6 |  7- 9 | 10-12 || total
-------------------------+-------+-------+-------+-------++-------
Melee: Dagger            |   123 |   123 |   306 |   187 ||   739
       Bite              |     7 |    12 |    28 |    23 ||    70
 Cast: Ensorcelled Hiber |     4 |    12 |    70 |    46 ||   132
       Confusing Touch   |     2 |     1 |    11 |     8 ||    22
Invok: Renounce Religion |     1 |       |       |       ||     1
 Abil: Exsanguinate      |       |       |     3 |       ||     3
       Revivify          |       |       |     2 |     1 ||     3
  Use: Scroll            |     4 |     2 |     5 |     6 ||    17
       Potion            |       |       |       |     4 ||     4
 Stab: Sleeping          |    15 |     9 |    60 |    33 ||   117
       Distracted        |     1 |     2 |       |       ||     3
       Confused          |     2 |     2 |    13 |     8 ||    25
       Paralysed         |       |       |     5 |    10 ||    15
       Invisible         |       |       |       |     1 ||     1
Armor: Robe              |    13 |    13 |    32 |     4 ||    62
       Steam dragon scal |       |       |       |    29 ||    29
Dodge: Dodged            |    78 |    57 |   153 |   143 ||   431
       Repelled          |       |     1 |     2 |       ||     3

Table legend: (Time is in decaauts)
 A = Elapsed time spent in this place.
 B = Non-inter-level travel time spent in this place.
 C = Inter-level travel time spent in this place.
 D = Time resting spent in this place.
 E = Time spent auto-exploring this place.
 F = Levels seen in this place.
 G = Mean time per level.
                   A        B        C        D        E       F      G
               +--------+--------+--------+--------+--------+-----+--------+
         Total |  10428 |  10113 |    315 |    705 |   6720 |  12 |  869.0 |
       Dungeon |   9070 |   8755 |    315 |    245 |   6405 |  11 |  824.5 |
      Gauntlet |   1358 |   1358 |      0 |    460 |    315 |   1 | 1358.0 |
               +--------+--------+--------+--------+--------+-----+--------+

Top non-repeatable levels by time:
Gauntlet: 1358 daAuts
     D:8: 1243 daAuts
     D:7: 1195 daAuts
     D:3: 1065 daAuts
     D:6: 1062 daAuts
     D:5: 970 daAuts
     D:2: 843 daAuts
     D:9: 822 daAuts
     D:4: 701 daAuts
     D:1: 666 daAuts
    D:11: 433 daAuts
    D:10: 65 daAuts
